 Dungeon Crawl Stone Soup version 0.25-a0-346-g140ab784a8 (webtiles) character file.

Game seed: 320324056069903627, levelgen mode: classic

52 Borgoz the Skirmisher (level 3, 0/24 HPs)
             Began as a Gargoyle Berserker on Jan 1, 2020.
             Was a Believer of Trog.
             Splashed by a jelly's acid (7 damage)
             ... on level 5 of the Dungeon.
             The game lasted 00:01:58 (1623 turns).

Borgoz the Skirmisher (Gargoyle Berserker)          Turns: 1623, Time: 00:01:58

Health: 0/24       AC:  8    Str: 20    XL:     3   Next: 85%
Magic:  3/3        EV: 11    Int:  7    God:    Trog [**....]
Gold:   79         SH:  0    Dex: 10    Spells: 2/2 levels left

rFire    . . .     SeeInvis +   a - +0 falchion
rCold    . . .     Gourm    .   (no shield)
rNeg     + . .     Faith    .   j - +0 ring mail
rPois    ∞         Spirit   .   (no helmet)
rElec    +         Reflect  .   (no cloak)
rCorr    .         Harm     .   (no gloves)
MR       .....                  (no boots)
Stlth    ..........             g - amulet of regeneration
HPRegen  0.48/turn              i - ring of see invisible
MPRegen  0.08/turn              (no ring)

@: no status effects
A: negative energy resistance 1, electricity resistance, unbreathing,
petrification resistance, rot immunity, AC +3
a: Berserk, Trog's Hand, Renounce Religion


You were on level 5 of the Dungeon.
You worshipped Trog.
Trog was pleased with you.
You were not hungry.

You visited 1 branch of the dungeon, and saw 4 of its levels.

You collected 79 gold pieces.

Inventory:

Hand Weapons
 a - a +0 falchion (weapon)
Armour
 j - a +0 ring mail (worn)
 u - a +2 ring mail of cold resistance
Jewellery
 g - an amulet of regeneration (around neck)
 i - a ring of see invisible (left hand)
 q - a cursed -2 ring of intelligence {unknown}
Wands
 v - a wand of flame (15)
 x - a wand of enslavement (11)
Scrolls
 b - 2 scrolls of magic mapping {unknown}
 e - 2 scrolls of remove curse {unknown}
 f - 4 scrolls of teleportation {unknown}
 h - 11 scrolls of identify {unknown}
 l - 2 scrolls of enchant weapon {unknown}
 m - a scroll of immolation {unknown}
 w - a scroll of summoning {unknown}
Potions
 k - 2 potions of flight {unknown}
 n - a potion of mutation {unknown}
 o - a potion of degeneration {unknown}
 p - a potion of heal wounds {unknown}
 r - 2 potions of lignification {unknown}
 s - a potion of cancellation {unknown}
 t - a potion of haste {unknown}
Comestibles
 c - 9 rations
 d - 5 chunks of flesh


   Skills:
 + Level 3.7 Fighting
 * Level 3.4 Long Blades
 + Level 2.7 Armour
 + Level 2.0 Dodging


You had 2 spell levels left.
You didn't know any spells.
Your spell library was empty.

Dungeon Overview and Level Annotations

Branches:
Dungeon (3/15)

Altars:
Makhleb
Xom


Innate Abilities, Weirdness & Mutations

You are resistant to torment.
Your stone body is resilient. (AC +3)
You are immune to poison.
You resist negative energy. (rN+)
You are resistant to electric shocks. (rElec)
You can survive without breathing.
You are immune to petrification.
You are immune to rotting.


Message History

A jelly comes into view.
The jelly quivers.
A jelly is nearby!
Some of the chunks of flesh in your inventory have rotted away.
The jelly hits you but does no damage.
You hit the jelly.
Your hands burn!
The jelly is moderately wounded.
The jelly hits you but does no damage.
You hit the jelly but do no damage.
Your hands burn!
The jelly is lightly wounded.
The jelly hits you.
You are splashed with acid.
You are too injured to fight recklessly!
You are too injured to fight recklessly!
You are too injured to fight recklessly!
You slash the jelly!
Your hands burn!
The jelly is almost dead.
The jelly barely misses you. The jelly hits you.
* * * LOW HITPOINT WARNING * * *
You are splashed with acid!
You die...

##..##........
#..###.#..### ##......#
## ######....).##.
#.................
#.#####..########.
####.# ###..#
...#.###....#########...
...#.##..#......@J......
........##.#######......
...##......# ....#
.......###.# ##.#
...##.####.# #
.:.##.###..#
...##..##.## ######.##.#
#.##.#


You could see a jelly.

Vanquished Creatures
  An adder (D:3)
  4 dart slugs
  2 orcs
  2 bats
  2 giant cockroaches
  2 goblins
  5 hobgoblins
  2 ball pythons
  2 frilled lizards
  6 kobolds
  A leopard gecko skeleton (D:5)
  6 rats
35 creatures vanquished.

Notes
Turn   | Place    | Note
-------+----------+-------------------------------------------
     0 | D:1      | Borgoz the Gargoyle Berserker began the quest for the Orb.
     0 | D:1      | Reached XP level 1. HP: 14/14 MP: 1/1
   118 | D:1      | Reached XP level 2. HP: 13/19 MP: 2/2
   797 | D:2      | Reached XP level 3. HP: 23/23 MP: 3/3
  1181 | D:2      | Reached ** piety under Trog
  1258 | D:2      | Found a shimmering altar of Xom.
  1261 | D:2      | Found a burning altar of Makhleb.
  1520 | D:3      | You fall into a shaft and drop 2 floors!
  1520 | D:5      | Entered Level 5 of the Dungeon
  1623 | D:5      | Splashed by a jelly's acid

Levels and vault maps discovered:
D:1:      zelgadis_glass_arrival_large, layout_basic, minmay_tromino_v2
D:2:      layout_basic, nicolae_overflow_hidden_temple
D:3:      layout_loops_cross, marbit_many_paths, kennysheep_generic_room_15
D:5:      layout_rooms, kennysheep_little_box, minmay_temple_entry_fiery,
          first_ration, moated_statue, uniq_grinder

Skill      XL: |  1  2  3 |
---------------+----------+-----
Long Blades    | 3 |  3.4
Dodging        | 2 |  2.0
Fighting       | |  3.7
Armour         | |  2.7

Action                   || total
-------------------------++-------
Melee: Falchion          ||   118
Invok: Berserk           ||     1
  Eat: Chunk             ||     3
Armor: Animal skin       ||     5
       Ring mail         ||    41
Dodge: Dodged            ||    98
       Rpst.: Falchion   ||    32

Table legend:
 A = Non-vault XP
 B = Vault XP
 C = Vault XP percentage of total XP
 D = Non-vault monster count
 E = Vault monster count
 F = Vault count percentage of total count
                 A         B        C        D         E       F
            +---------+---------+-------+---------+---------+-------
      Total |      74 |       1 |   1.3 |      34 |       1 |   2.9
            +---------+---------+-------+---------+---------+-------
        D:1 |      28 |       1 |   3.4 |      16 |       1 |   5.9
        D:2 |      23 |       0 |   0.0 |      12 |       0 |   0.0
        D:3 |      19 |       0 |   0.0 |       4 |       0 |   0.0
        D:5 |       4 |       0 |   0.0 |       2 |       0 |   0.0
            +---------+---------+-------+---------+---------+-------
